 Dungeon Crawl Stone Soup version 0.30.1-11-g7821555f0a (webtiles) character file.

Game seed: 12691281027117395707

378 SacredBeard the Shooter (level 6, 0/34 HPs)
             Began as a Deep Elf Hexslinger on Oct 30, 2023.
             Slain by a phantom (3 damage)
             ... on level 5 of the Dungeon.
             The game lasted 00:12:55 (3704 turns).

SacredBeard the Shooter (Deep Elf Hexslinger)       Turns: 3704, Time: 00:12:55

Health: 0/34       AC:  5    Str:  7    XL:     6   Next: 45%
Magic:  13/14      EV: 13    Int: 23    God:
Gold:   155        SH:  0    Dex: 17    Spells: 6/13 levels left

rFire   . . .        h - +0 dagger
rCold   . . .        (no shield)
rNeg    + . .        d - +0 leather armour
rPois   +            q - +0 helmet of Distant Shores {rPois rN+ Int+5}
rElec   .            l - +0 cloak
rCorr   .            (no gloves)
SInv    .            (no boots)
Will    .....        (no amulet)
Stlth   +            k - ring of wizardry
HPRegen 0.25/turn    (no ring)
MPRegen 0.14/turn

%: wizardry (x1)
@: no status effects
A: no striking features
a: no special abilities


You were on level 5 of the Dungeon.
You visited 1 branch of the dungeon, and saw 5 of its levels.

You collected 155 gold pieces.

Inventory:

Hand Weapons
 a - a +1 sling
 h - a +0 dagger (weapon)
Armour
 d - a +0 leather armour (worn)
 l - a +0 cloak (worn)
 q - the +0 helmet of Distant Shores (worn) {rPois rN+ Int+5}
   (You took it off Robin on level 3 of the Dungeon)

   Int:       It affects your intelligence (+5).
   rPois:     It protects you from poison.
   rN:        It protects you from negative energy.
Magical Staves
 t - a staff of cold
Jewellery
 k - a ring of wizardry (left hand)
Wands
 u - a wand of paralysis (5)
Scrolls
 b - 3 scrolls of poison
 e - a scroll of blinking {unknown}
 f - a scroll of brand weapon {unknown}
 g - 2 scrolls of teleportation {unknown}
 i - 5 scrolls of identify {unknown}
 v - a scroll of enchant weapon {unknown}
Potions
 c - 2 potions of degeneration {unknown}
 j - 3 potions of haste {unknown}
 m - a potion of flight {unknown}
 n - a potion of magic {unknown}
 o - 3 potions of curing {unknown}
 p - a potion of lignification {unknown}
 r - 2 potions of mutation {unknown}
 s - a potion of cancellation {unknown}


   Skills:
 - Level 1.0 Fighting
 * Level 5.9 Ranged Weapons
 - Level 1.0 Armour
 - Level 4.0 Dodging
 + Level 4.0 Spellcasting
 + Level 5.5 Hexes
 + Level 0.6 Evocations


You had 6 spell levels left.
You knew the following spells:

 Your Spells              Type           Power      Damage    Failure   Level
a - Slow                  Hex            100%       N/A       1%          1
b - Inner Flame           Hex/Fire       17%        N/A       6%          3
c - Portal Projectile     Hex/Tloc       34%        N/A       6%          3

Your spell library contained the following spells:

 Spells                   Type           Power      Damage    Failure   Level
 Magic Dart               Conj           16%        1d3       6%          1
 Cause Fear               Hex            14%        N/A       6%          4
 Searing Ray              Conj           8%         2d4       9%          2
 Fulminant Prism          Conj/Hex       8%         3d7       19%         4


Dungeon Overview and Level Annotations

Branches:
Dungeon (5/15) Zot: 26235
 Temple: D:4-7

Altars:
Gozag


Message History

The phantom hits you but does no damage.
Casting: Slow (safe; 1% risk of failure)
Confirm with . or Enter, or press ? or * to list all spells.
Aiming: Slow (safe; 1% risk of failure)
Press: ? - help, Shift-Dir - straight line, f/p - phantom
Aim: a phantom (heavily damaged, chance to affect: 38%)
The phantom seems to slow down.
The phantom hits you but does no damage.
You hit the phantom.
The phantom is heavily damaged.
The phantom hits you!
* * * LOW HITPOINT WARNING * * *
You hit the phantom.
The phantom is severely damaged.
The phantom hits you.
* * * LOW HITPOINT WARNING * * *
The phantom blinks!
You blink.
You closely miss the phantom.
The phantom is severely damaged.
You closely miss the phantom.
The phantom is severely damaged.
The phantom completely misses you.
You hit the phantom.
The phantom is severely damaged.
The phantom barely misses you.
You hit the phantom but do no damage.
The phantom is severely damaged.
You hit the phantom but do no damage.
The phantom is severely damaged.
The phantom misses you.
You hit the phantom but do no damage.
The phantom is severely damaged.
The phantom hits you!
* * * LOW HITPOINT WARNING * * *
You miss the phantom.
The phantom is severely damaged.
You barely miss the phantom.
The phantom is severely damaged.
The phantom hits you.
You die...

#...# # #.# #.###.#
#.....# ######..####.
####............
##....###........
##..####..######)#.####.
.......@W......<.#...
...#####.##########...#
>..# ...# ##### #....
##.. #.


You could see a phantom (slow).

Vanquished Creatures
  Edmund (D:4)
  A water moccasin skeleton (D:5)
  A hound (D:4)
  An iguana (D:4)
  Terence (D:2)
  Robin (D:3)
  3 adders (D:3)
  A worm (D:3)
  A dart slug (D:3)
  2 orcs
  6 endoplasms
  5 giant cockroaches
  13 goblins
  10 hobgoblins
  11 jackals
  10 kobolds
  2 quokkas
  5 ball pythons
  A bat (D:2)
  3 frilled lizards
  10 rats
89 creatures vanquished.

Vanquished Creatures (others)
  A goblin (D:3)
  A ball python (D:1)
2 creatures vanquished.

Grand Total: 91 creatures vanquished

Notes
Turn   | Place    | Note
-------+----------+-------------------------------------------
     0 | D:1      | SacredBeard the Deep Elf Hexslinger began the quest for the
                  | Orb.
     0 | D:1      | Reached XP level 1. HP: 11/11 MP: 5/5
   281 | D:1      | Reached skill level 1 in Fighting
   281 | D:1      | Reached XP level 2. HP: 7/16 MP: 4/6
   400 | D:1      | You fall into a shaft and drop 1 floor!
   457 | D:2      | Noticed Terence
   835 | D:1      | Reached XP level 3. HP: 20/20 MP: 8/8
  1707 | D:2      | Killed Terence
  1708 | D:2      | Reached skill level 1 in Armour
  1708 | D:2      | Reached XP level 4. HP: 19/25 MP: 7/9
  1923 | D:3      | Identified the +0 helmet of Distant Shores {rPois rN+
                  | Int+5}
  1923 | D:3      | Noticed Robin
  1963 | D:3      | Killed Robin
  2230 | D:3      | Found an opulent altar of Gozag.
  2468 | D:3      | Reached XP level 5. HP: 29/29 MP: 11/11
  2883 | D:4      | Noticed Edmund
  2918 | D:3      | Learned a level 3 spell: Inner Flame
  2922 | D:3      | Learned a level 3 spell: Portal Projectile
  2930 | D:4      | Reached skill level 5 in Hexes
  2933 | D:4      | Killed Edmund
  2934 | D:4      | Reached skill level 5 in Ranged Weapons
  2934 | D:4      | Reached XP level 6. HP: 33/34 MP: 6/13
  3537 | D:5      | Entered Level 5 of the Dungeon
  3704 | D:5      | Slain by a phantom

Illustrated notes

Levels and vault maps discovered:
D:1:      evilmike_arrival_hilbert_curve, layout_loops_ring, lemuel_flame_loot_1
D:2:      layout_loops_ring, minmay_misc_feat_doors, uniq_terence
D:3:      layout_basic, nicolae_overflow_hidden_temple,
          chequers_serial_rivers_small_b, uniq_robin
D:4:      layout_loops_ring, uniq_edmund
D:5:      minmay_thinvault, layout_rooms, led_sif_book,
          minmay_temple_entry_fiery, serial_shops, nicolae_shop_stone,
          serial_undead, serial_undead_b, serial_undead_a, serial_undead_e,
          serial_undead_e, serial_undead_b, hex_intersection

Skill      XL: |  1  2  3  4  5  6 |
---------------+-------------------+-----
Ranged Weapons | 3 4 5 |  5.9
Fighting       | 1 |  1.0
Spellcasting   | 2 3 4 |  4.0
Armour         | 1 |  1.0
Dodging        | 3 4 |  4.0
Hexes          | 5 |  5.5
Evocations     | |  0.6

Action                     |  1- 3 |  4- 6 || total
---------------------------+-------+-------++-------
  Melee: Short sword       |    42 |       ||    42
         Punch             |     1 |     1 ||     2
         Dagger            |    21 |    93 ||   114
   Fire: Sling             |   102 |   142 ||   244
   Cast: Slow              |    16 |    12 ||    28
         Inner Flame       |       |     1 ||     1
 Armour: Leather armour    |    25 |    48 ||    73
  Dodge: Dodged            |    58 |    89 ||   147
